 Dungeon Crawl Stone Soup version 0.28-a0-595-g9f6c0e134a (webtiles) character file.

Game seed: 3118435149948621152

14702 lunkers the Grappler (level 11, 0/169 HPs)
             Began as a Troll Cinder Acolyte on Oct 4, 2021.
             Was a High Priest of Ignis.
             Slain by Rupert (16 damage)
             ... on level 12 of the Dungeon on Oct 5, 2021.
             The game lasted 00:22:38 (9835 turns).

lunkers the Grappler (Troll Cinder Acolyte)         Turns: 9835, Time: 00:22:38

Health: 0/169      AC: 11    Str: 24    XL:     11   Next: 92%
Magic:  11/11      EV:  8    Int: 10    God:    Ignis [*****.]
Gold:   781        SH: 14    Dex:  8    Spells: 12/12 levels left

rFire   + . .      SeeInvis .     - Unarmed
rCold   . . .      Faith    .   t - +0 kite shield
rNeg    + . .      Spirit   .   M - +0 troll leather armour
rPois   .          Reflect  +   (helmet restricted)
rElec   .          Harm     .   l - +0 cloak {Will+}
rCorr   .          Rampage  .   (gloves unavailable)
Will    +....                   (boots unavailable)
Stlth   ..........              j - amulet of reflection
HPRegen 2.38/turn               f - ring of positive energy
MPRegen 0.12/turn               s - +4 ring of protection

@: berserking, hasted, very quick
A: large, unfitting armour, claws 3, regeneration 1, shaggy fur 1, tough skin 1
a: Renounce Religion, Sea of Fire, Foxfire Swarm, Rising Flame


You were on level 12 of the Dungeon.
You worshipped Ignis.
Ignis was extremely pleased with you.
You visited 1 branch of the dungeon, and saw 12 of its levels.
You also visited: Ossuary.

You collected 781 gold pieces.

Inventory:

Missiles
 F - 3 throwing nets
Armour
 l - a +0 cloak of willpower (worn)
 r - a +2 robe of willpower
 t - a +0 kite shield (worn)
 w - a +0 tower shield
 B - +0 steam dragon scales
 M - a +0 troll leather armour (worn)
 N - +0 acid dragon scales
Jewellery
 f - a ring of positive energy (left claw)
 j - an amulet of reflection (around neck)
 s - a +4 ring of protection (right claw)
 A - a ring of protection from cold
 J - a ring of resist corrosion
Wands
 a - a wand of charming (7)
 p - a wand of polymorph (8)
 q - a wand of iceblast (12)
 y - a wand of flame (28)
 D - a wand of mindburst (11)
 G - a wand of paralysis (4)
 K - a wand of acid (7)
Scrolls
 g - 5 scrolls of enchant weapon
 k - 4 scrolls of fear
 n - 5 scrolls of teleportation
 z - a scroll of amnesia
 C - a scroll of silence
 E - a scroll of brand weapon
 H - a scroll of fog
 O - a scroll of magic mapping {unknown}
Potions
 c - a potion of lignification {unknown}
 d - 9 potions of curing
 e - 6 potions of might
 h - 2 potions of heal wounds {unknown}
 i - 2 potions of invisibility {unknown}
 m - a potion of ambrosia {unknown}
 o - a potion of haste
 u - 2 potions of mutation
 v - 2 potions of cancellation {unknown}
 x - a potion of magic {unknown}
 I - a potion of brilliance {unknown}
 L - a potion of flight {unknown}


   Skills:
 + Level 8.7 Fighting
 * Level 8.1 Shields
 * Level 14.1 Unarmed Combat
 - Level 1.0 Spellcasting
 - Level 2.1 Fire Magic


You had 12 spell levels left.
You didn't know any spells.
Your spell library contained the following spells:

 Spells                   Type           Power      Damage    Failure   Level
 Scorch                   Fire           8%         2d5       30%         2
 Beastly Appendage        Tmut           0%         N/A       43%         1
 Sandblast                Erth           0%         2d4       43%         1
 Passwall                 Tmut/Erth      0%         N/A       58%         2
 Slow                     Hex            0%         N/A       58%         2
 Wereblood                Tmut           0%         N/A       58%         2
 Confusing Touch          Hex            0%         N/A       82%         3
 Spider Form              Tmut/Pois      0%         N/A       82%         3
 Stone Arrow              Conj/Erth      0%         3d7       82%         3
 Vampiric Draining        Necr           0%         2d6       82%         3
 Fulminant Prism          Conj/Hex       0%         3d6       99%         4
 Iskenderun's Mystic Bla  Conj/Tloc      0%         2d3       99%         4
 Alistair's Intoxication  Tmut/Pois      0%         N/A       100%        5
 Borgnjor's Vile Clutch   Necr/Erth      0%         N/A       100%        5
 Lee's Rapid Deconstruct  Erth           0%         3d5*      100%        5
 Eringya's Noxious Bog    Tmut/Pois      0%         N/A       100%        6


Dungeon Overview and Level Annotations

Branches:
Dungeon (12/15)            Temple (0/1) D:7            Lair (0/6) D:10
    Orc (0/2) D:10        Ossuary (visited)

Altars:
Ashenzari
Dithmenos
Hepliaklqana
Nemelex Xobeh
Okawaru
Qazlal
Trog
Wu Jian
Yredelemnul

Shops:
D:6 *   D:10 ([

Annotations:
D:3 2 transporters
D:12 Rupert


Innate Abilities, Weirdness & Mutations

You are too large for most types of armour.
You have claws for hands.
Your natural rate of healing is unusually fast.
You are covered in fur. (AC +1)
You have tough skin. (AC +1)


Message History

You destroy the vampire mosquito!
You block the vampire mosquito's attack.
You miss the vampire mosquito.
You block the vampire mosquito's attack.
Rupert roars madly and goes into a rage!
Rupert goes berserk!
You eviscerate the vampire mosquito!!!
You destroy the vampire mosquito!
You scratch Rupert.
Rupert is lightly wounded.
Rupert hits you with a +2 great mace of protection!
You claw Rupert!
Rupert is lightly wounded.
Rupert hits you with a +2 great mace of protection!!
You feel yourself speed up.
Rupert hits you with a +2 great mace of protection!!
* * * LOW HITPOINT WARNING * * *
You block Rupert's attack.
A red film seems to cover your vision as you go berserk!
You feel yourself moving faster!
You feel mighty!
Rupert hits you with a +2 great mace of protection!!
* * * LOW HITPOINT WARNING * * *
You completely miss Rupert.
Rupert is lightly wounded.
You block Rupert's attack.
You claw Rupert!
Rupert is lightly wounded.
Rupert hits you with a +2 great mace of protection!!
* * * LOW HITPOINT WARNING * * *
You claw Rupert!
Rupert is moderately wounded.
Unknown command.
You barely miss Rupert.
Rupert is moderately wounded.
Rupert hits you with a +2 great mace of protection!!
* * * LOW HITPOINT WARNING * * *
You barely miss Rupert.
Rupert is moderately wounded.
Rupert hits you with a +2 great mace of protection!
You die...

.......# #...#######.# .......#
#...# #†# ...?...# #...# #.#
^......# #...# #.####
.......#######...# #....#####
.................# #.........
.........###'###.# #†........
....@....#.....#.# #........#
.........#.....#@# #........#
.........#.....#@# #........#
.....[...#.....#.#######........#
.........#######................#
######...@......................#
#..........................#
#..........############....#
#..........# #..... #..........#
#.####


You could see Rupert (berserk).

Vanquished Creatures
  Harold (D:9)
  A hydra (D:11)
  2 two-headed ogres
  A cyclops (D:11)
  A gargoyle (D:11)
  Maggie (D:9)
  4 kobold demonologists (D:11)
  2 trolls
  Grinder (D:4)
  3 slime creatures (D:8)
  Sigmund (D:4)
  A wraith (D:9)
  11 yaks
  A hog (D:12)
  12 vampire mosquitoes
  A steam dragon (D:8)
  2 acid dragons
  2 water moccasins
  7 orc warriors
  A sky beast (D:5)
  An ice beast (D:7)
  2 black bears
  A tengu (D:11)
  3 ogres
  9 centaurs
  2 kobold brigands
  A phantom (D:4)
  Blork the orc (D:4)
  2 elf zombies (Ossuary)
  5 bullfrogs
  2 gnoll sergeants
  3 scorpions
  15 killer bees
  3 wights (D:6)
  5 howler monkeys
  2 electric eels (D:11)
  2 centaur zombies
  A human zombie (Ossuary)
  A bullfrog skeleton (D:3)
  2 hounds
  Crazy Yiuf (D:3)
  3 orc priests
  5 centaur skeletons
  Terence (D:3)
  3 iguanas
  7 orc wizards
  Natasha (D:4)
  A killer bee zombie (D:9)
  2 mummies (Ossuary)
  Robin (D:2)
  3 gnolls (D:12)
  An adder (D:6)
  A white imp (D:5)
  An ufetubus (D:6)
  3 adder zombies (Ossuary)
  34 orcs
  8 endoplasms
  2 giant cockroaches
  11 goblins
  9 hobgoblins
  14 kobolds
  2 quokkas (D:1)
  6 ball pythons
  2 bats (D:1)
  11 frilled lizards
  2 goblin zombies (Ossuary)
  7 hobgoblin zombies (Ossuary)
  13 kobold zombies (Ossuary)
  7 orc zombies (Ossuary)
  3 rats
  A rat zombie (Ossuary)
285 creatures vanquished.

Vanquished Creatures (others)
  An orc wizard (D:5)
  8 plants
9 creatures vanquished.

Grand Total: 294 creatures vanquished

Notes
Turn   | Place    | Note
-------+----------+-------------------------------------------
     0 | D:1      | lunkers the Troll Cinder Acolyte began the quest for the
                  | Orb.
     0 | D:1      | Reached XP level 1. HP: 22/22 MP: 1/1
   212 | D:1      | Reached XP level 2. HP: 13/29 MP: 2/2
   812 | D:2      | Found a faded altar of an unknown god.
   906 | D:2      | Found a sparkling altar of Nemelex Xobeh.
  1260 | D:3      | Noticed a water moccasin
  1260 | D:3      | Identified the +0 helmet of Lifelessness {Fly rPois rC+
                  | Str-3}
  1260 | D:3      | Noticed Robin
  1260 | D:3      | Found a hazy altar of Hepliaklqana.
  1260 | D:3      | Found a broken altar of Ashenzari.
  1260 | D:3      | Found an ornate altar of the Wu Jian Council.
  1267 | D:2      | Killed Robin
  1268 | D:2      | Reached skill level 4 in Unarmed Combat
  1268 | D:2      | Reached XP level 3. HP: 24/36 MP: 3/3
  1314 | D:3      | Noticed a scorpion
  1336 | D:3      | Found a transporter.
  1352 | D:3      | Found a transporter.
  1672 | D:3      | Found a runed translucent door.
  1673 | D:3      | Noticed Crazy Yiuf
  1847 | D:3      | Noticed Terence
  1924 | D:3      | Killed Terence
  1925 | D:3      | Reached XP level 4. HP: 45/45 MP: 4/4
  2423 | D:3      | Killed Crazy Yiuf
  2424 | D:3      | Reached skill level 5 in Unarmed Combat
  2424 | D:3      | Reached XP level 5. HP: 42/53 MP: 5/5
  2478 | D:4      | Noticed an ogre
  2486 | D:3      | Killed an ogre
  2622 | D:4      | Found a sand-covered staircase.
  2629 | Ossuary  | Entered an ossuary
  2785 | Ossuary  | Reached skill level 6 in Unarmed Combat
  2785 | Ossuary  | Reached XP level 6. HP: 46/62 MP: 6/6
  2938 | D:4      | Noticed Natasha
  2948 | D:4      | Killed Natasha
  2949 | D:4      | Reached XP level 7. HP: 53/70 MP: 7/7
  2982 | D:4      | Reached skill level 7 in Unarmed Combat
  3025 | D:4      | Noticed Sigmund
  3041 | D:4      | Killed Sigmund
  3092 | D:4      | Noticed Grinder
  3100 | D:4      | Killed Grinder
  3101 | D:4      | Reached skill level 8 in Unarmed Combat
  3144 | D:4      | Noticed Blork the orc
  3153 | D:4      | Killed Blork the orc
  3154 | D:4      | Reached skill level 5 in Fighting
  3154 | D:4      | Reached XP level 8. HP: 66/80 MP: 8/8
  3642 | D:4      | Found a sparkling altar of Nemelex Xobeh.
  3705 | D:5      | Entered Level 5 of the Dungeon
  4147 | D:5      | Reached skill level 9 in Unarmed Combat
  4197 | D:5      | Found a bloodstained altar of Trog.
  4202 | D:5      | Found a basalt altar of Yredelemnul.
  4206 | D:5      | Found a stormy altar of Qazlal.
  4780 | D:6      | Reached skill level 10 in Unarmed Combat
  4828 | D:6      | Found Lomap's Overcharged Wands.
  4994 | D:6      | Reached XP level 9. HP: 89/89 MP: 9/9
  5572 | D:7      | Found a staircase to the Ecumenical Temple.
  5612 | D:7      | Reached skill level 1 in Shields
  5855 | D:7      | Reached skill level 11 in Unarmed Combat
  6139 | D:8      | Noticed a two-headed ogre
  6157 | D:8      | Killed a two-headed ogre
  6251 | D:8      | Reached XP level 10. HP: 102/102 MP: 10/10
  7021 | D:9      | Reached skill level 12 in Unarmed Combat
  7219 | D:9      | Noticed Harold
  7262 | D:9      | Killed Harold
  7263 | D:9      | Reached skill level 5 in Shields
  7374 | D:9      | Noticed Maggie
  7395 | D:9      | Killed Maggie
  7678 | D:10     | Entered Level 10 of the Dungeon
  7717 | D:10     | Found a shadowy altar of Dithmenos.
  7811 | D:10     | Reached XP level 11. HP: 93/111 MP: 11/11
  7865 | D:10     | Found an iron altar of Okawaru.
  7941 | D:10     | Reached skill level 13 in Unarmed Combat
  8021 | D:10     | Found Simor's Armour Emporium.
  8036 | D:10     | Found a staircase to the Orcish Mines.
  8038 | D:10     | Found Qoul's Weapon Emporium.
  8562 | D:10     | Found a staircase to the Lair.
  9049 | D:11     | Noticed a soul eater
  9063 | D:11     | Noticed a sun demon
  9305 | D:11     | Found a shadowy altar of Dithmenos.
  9306 | D:11     | Noticed a six-headed hydra
  9320 | D:11     | Killed a six-headed hydra
  9657 | D:12     | Noticed a two-headed ogre
  9665 | D:12     | Killed a two-headed ogre
  9731 | D:12     | Reached skill level 14 in Unarmed Combat
  9769 | D:12     | Noticed a death knight
  9796 | D:12     | Noticed Rupert
  9835 | D:12     | Slain by Rupert

Illustrated notes

Levels and vault maps discovered:
D:1:      roderic_octagonal_star, layout_loops_ring
D:2:      layout_basic, basic_ecumenical_altar, basic_altar
D:3:      layout_loops_corners, gammafunk_temple_overflow_arena,
          minmay_lizard_king, uniq_robin, uniq_terence, uniq_crazy_yiuf_cottage
D:4:      layout_cave_pods, kennysheep_mini, chequers_ossuary_entry_cave,
          uniq_sigmund, uniq_blork_the_orc, uniq_grinder, uniq_natasha
D:5:      layout_loops_ring, minitemple, serial_rivers,
          chequers_serial_rivers_large_b, chequers_serial_rivers_micro_b,
          chequers_serial_rivers_small_a, chequers_serial_rivers_micro_e,
          chequers_serial_rivers_room_b, kennysheep_doodads,
          minmay_misc_feat_rugged
D:6:      layout_basic, chequers_decorated_corner, kennysheep_cross_room,
          nicolae_shop_overcharged_wands
D:7:      layout_rooms, minmay_temple_entry_statues_fountains
D:8:      layout_gridville, kennysheep_diamond, minmay_misc_feat_five
D:9:      layout_irregular_city, mrwooster_statue_mirror, st_stairs_1,
          serial_park_tiny_1, uniq_harold, uniq_maggie
D:10:     layout_basic, okawaru_ov_weapons_minmay,
          mainiacjoe_overflow_cross_hatched, grunt_lair_entry_orc_guard_hut,
          orc_david_3
D:11:     layout_basic, nicolae_dithmenos_through_a_glass_darkly
D:12:     cheibrodos_barr_body, layout_irregular_city, uniq_kirke, uniq_rupert

Skill      XL: |  1  2  3  4  5  6  7  8  9 10 11 |
---------------+----------------------------------+-----
Unarmed Combat | 4 5 6 8 10 11 12 14 | 14.1
Fighting       | 3 4 5 6 7 8 |  8.7
Shields        | 3 6 8 |  8.1
Spellcasting   | |  1.0
Fire Magic     | |  2.1

Action                   |  1- 3 |  4- 6 |  7- 9 | 10-12 || total
-------------------------+-------+-------+-------+-------++-------
Melee: Unarmed           |   112 |   141 |   216 |   391 ||   860
       Punch             |       |     2 |     8 |       ||    10
Evoke: Wand              |       |       |       |     9 ||     9
  Use: Scroll            |       |       |    17 |     2 ||    19
       Potion            |       |       |       |     2 ||     2
Armor: Robe              |    68 |    48 |    93 |    73 ||   282
       Troll leather arm |       |       |       |    53 ||    53
Dodge: Dodged            |    59 |    34 |    58 |   114 ||   265
Block: Other             |       |    22 |    34 |       ||    56
       Reflection        |       |       |     6 |    13 ||    19
       Tower shield      |       |       |    50 |    10 ||    60
       Kite shield       |       |       |       |   300 ||   300

Table legend: (Time is in decaauts)
 A = Elapsed time spent in this place.
 B = Non-inter-level travel time spent in this place.
 C = Inter-level travel time spent in this place.
 D = Time resting spent in this place.
 E = Time spent auto-exploring this place.
 F = Levels seen in this place.
 G = Mean time per level.
                   A        B        C        D        E       F      G
               +--------+--------+--------+--------+--------+-----+--------+
         Total |   9819 |   9500 |    319 |     77 |   7365 |  13 |  755.3 |
       Dungeon |   9546 |   9227 |    319 |     72 |   7274 |  12 |  795.5 |
       Ossuary |    273 |    273 |      0 |      5 |     91 |   1 |  273.0 |
               +--------+--------+--------+--------+--------+-----+--------+

Top non-repeatable levels by time:
     D:3: 1189 daAuts
     D:5: 961 daAuts
     D:4: 943 daAuts
    D:10: 937 daAuts
    D:11: 930 daAuts
     D:9: 908 daAuts
     D:6: 906 daAuts
     D:1: 762 daAuts
     D:8: 735 daAuts
     D:2: 545 daAuts
     D:7: 477 daAuts
 Ossuary: 273 daAuts
    D:12: 247 daAuts
